 Dungeon Crawl Stone Soup version 0.29.0-4-gdea44cf6ec (webtiles) character file.

Game seed: 2019581224101131110

10 apoch the Chopper (level 2, -1/26 HPs)
             Began as a Minotaur Berserker on Aug 27, 2022.
             Was a Follower of Trog.
             Slain by a frilled lizard (2 damage)
             ... on level 1 of the Dungeon.
             The game lasted 00:00:55 (370 turns).

apoch the Chopper (Minotaur Berserker)               Turns: 370, Time: 00:00:55

Health: -1/26      AC:  2    Str: 21    XL:     2   Next: 10%
Magic:  1/1        EV: 12    Int:  4    God:    Trog [*.....]
Gold:   20         SH:  0    Dex:  9    Spells: 1/1 levels left

rFire   . . .      SeeInvis .   a - +0 hand axe
rCold   . . .      Faith    .   (no shield)
rNeg    . . .      Spirit   .   b - +0 animal skin
rPois   .          Reflect  .   (helmet restricted)
rElec   .          Harm     .   (no cloak)
rCorr   .          Rampage  .   (no gloves)
Will    .....                   (no boots)
Stlth   +.........              (no amulet)
HPRegen 0.08/turn               (no ring)
MPRegen 0.07/turn               (no ring)

@: lethally poisoned (-1 -> -6), hasted, very quick
A: horns 2, retaliatory headbutt
a: Renounce Religion, Berserk


You were on level 1 of the Dungeon.
You worshipped Trog.
Trog was aware of your devotion.
You visited 1 branch of the dungeon, and saw 1 of its levels.

You collected 20 gold pieces.

Inventory:

Hand Weapons
 a - a +0 hand axe (weapon)
Armour
 b - a +0 animal skin (worn)
Jewellery
 f - a ring of flight
Scrolls
 c - a scroll of enchant armour {unknown}
 g - a scroll of blinking {unknown}
Potions
 e - a potion of flight {unknown}


   Skills:
 - Level 3.6 Fighting
 + Level 4.4 Axes
 - Level 2.4 Armour
 - Level 2.1 Dodging


You had one spell level left.
You didn't know any spells.
Your spell library was empty.

Dungeon Overview and Level Annotations

Branches:
Dungeon (1/15)

Altars:


Innate Abilities, Weirdness & Mutations

You have a pair of horns on your head.
You reflexively headbutt those who attack you in melee.


Message History

The kobold shouts!
A quokka comes into view.
A frilled lizard comes into view.
The kobold throws a stone.
The stone hits you but does no damage.
The frilled lizard hisses angrily.
The kobold hits you with a +0 short sword of venom.
You are poisoned.
You barely miss the frilled lizard. You hit the kobold but do no damage.
You feel very sick. The frilled lizard closely misses you.
The kobold barely misses you.
You closely miss the kobold. You hit the quokka but do no damage.
You closely miss the frilled lizard.
You feel sick. The quokka bites you.
The frilled lizard bites you but does no damage.
The kobold closely misses you. You furiously retaliate!
You headbutt the kobold. The quokka barely misses you.
You barely miss the kobold. Your headbutt misses the kobold.
The kobold is severely wounded.
You closely miss the quokka. You closely miss the frilled lizard.
You feel sick. The frilled lizard bites you.
The kobold hits you but does no damage.
You are lethally poisoned!
The quokka barely misses you. You furiously retaliate!
You headbutt the quokka!
You kill the quokka!
Trog accepts your kill.
You hit the kobold.
You kill the kobold!
Trog accepts your kill.
You miss the frilled lizard.
* * * LOW HITPOINT WARNING * * *
You feel very sick.
The frilled lizard bites you but does no damage.
You hit the frilled lizard but do no damage.
* * * LOW HITPOINT WARNING * * *
You feel sick. The frilled lizard bites you.
* * * LOW HITPOINT WARNING * * *
Unknown command.
Unknown command.
It was a potion of haste.
You feel yourself speed up.
* * * LOW HITPOINT WARNING * * *
You feel sick. The frilled lizard bites you.
You die...

................
.##.............
#.............
###########.............
........................
........................
........................
#........#.............
#....)@..#.............
#....l...#.............
#........#........^....
#........#.............
#......................
######+##.. ....... ###


You could see a frilled lizard.

Vanquished Creatures
  A dart slug (D:1)
  A ball python (D:1)
  A quokka (D:1)
  2 bats (D:1)
  A frilled lizard (D:1)
  A goblin (D:1)
  A kobold (D:1)
  A rat (D:1)
9 creatures vanquished.

Notes
Turn   | Place    | Note
-------+----------+-------------------------------------------
     0 | D:1      | apoch the Minotaur Berserker began the quest for the Orb.
     0 | D:1      | Reached XP level 1. HP: 19/19 MP: 0/0
   197 | D:1      | Reached skill level 4 in Axes
   274 | D:1      | Reached XP level 2. HP: 19/26 MP: 1/1
   370 | D:1      | HP: 1/26 [poisoned by a kobold]
   370 | D:1      | Slain by a frilled lizard

Illustrated notes

Levels and vault maps discovered:
D:1:      wheals_arrival_linesprint, layout_basic, wad_floor_pattern_1

Skill      XL: |  1 |
---------------+----+-----
Axes           | 4 |  4.4
Fighting       | |  3.6
Armour         | |  2.4
Dodging        | |  2.1

Action                   || total
-------------------------++-------
Melee: Hand axe          ||    25
       Headbutt          ||     1
  Use: Potion            ||     1
Armor: Animal skin       ||    16
Dodge: Dodged            ||    18
